 Dungeon Crawl Stone Soup version 0.30-a0-883-g5ad918d77d (webtiles) character file.

Game seed: 882470953877787199

438 Sanktem7 the Chopper (level 6, 0/56 HPs)
             Began as a Minotaur Fighter on Mar 16, 2023.
             Was a Follower of Okawaru.
             Killed by divine providence
             ... invoked by an orc priest
              (12 damage)
             ... on level 4 of the Dungeon.
             The game lasted 00:04:42 (2145 turns).

Sanktem7 the Chopper (Minotaur Fighter)             Turns: 2145, Time: 00:04:42

Health: 0/56       AC:  8    Str: 23    XL:     6   Next: 69%
Magic:  5/5        EV:  9    Int:  5    God:    Okawaru [*.....]
Gold:   119        SH:  4    Dex:  9    Spells: 5/5 levels left

rFire   . . .      SeeInvis .    z - +3 hand axe (vamp) {axe}
rCold   . . .      Faith    .    c - +0 buckler
rNeg    . . .      Spirit   .    b - +0 scale mail
rPois   .          Reflect  .    (helmet restricted)
rElec   .          Rampage  .    (no cloak)
rCorr   .                        (no gloves)
Will    .....                    s - +0 pair of boots Stlth
                                 (no amulet)
HPRegen 0.29/turn                (no ring)
MPRegen 0.09/turn                (no ring)

@: hasted, very quick
A: horns 2, retaliatory headbutt
a: Renounce Religion, Heroism


You were on level 4 of the Dungeon.
You worshipped Okawaru.
Okawaru was aware of your devotion.
You visited 2 branches of the dungeon, and saw 5 of its levels.

You collected 119 gold pieces.


Innate Abilities, Weirdness & Mutations

You have a pair of horns on your head.
You reflexively headbutt those who attack you in melee.


   Skills:
 + Level 5.2 Fighting
 * Level 5.8 Axes
 + Level 5.1 Armour
 + Level 5.1 Shields
 + Level 0.0 Invocations


You had 5 spell levels left.
You didn't know any spells.
Your spell library contained the following spells:

 Spells                   Type           Power      Damage    Failure   Level
 Magic Dart               Conj           0%         1d3       86%         1
 Inner Flame              Hex/Fire       0%         N/A       99%         3
 Mephitic Cloud           Conj/Pois/Air  0%         N/A       99%         3
 Cause Fear               Hex            0%         N/A       100%        4
 Discord                  Hex            0%         N/A       100%        8
 Call Imp                 Summ           Unusable   N/A       N/A         2

Inventory:

Hand Weapons
 a - a +0 war axe {axe}
 q - a +2 falchion of freezing {long}
   (You found it on level 2 of the Dungeon)
 t - a +0 sling of freezing
   (You took it off a goblin on level 2 of the Dungeon)
 y - a +1 dagger of draining {short}
   (You took it off a goblin on level 3 of the Dungeon)
 z - a +3 vampiric hand axe (weapon) {axe}
   (You took it off an orc on level 4 of the Dungeon)
Missiles
 h - 33 stones (quivered) {throwing}
 j - 4 poisoned darts {throwing}
Armour
 b - a +0 scale mail (worn)
 c - a +0 buckler (worn)
 s - a +0 pair of boots (worn)
   (You found it on level 2 of the Dungeon)
Magical Staves
 r - a staff of fire {!astaff}
   (You found it on level 2 of the Dungeon)
 w - a staff of air {!astaff}
   (You found it on level 3 of the Dungeon)
Jewellery
 i - an amulet of magic regeneration {@e2}
   (You found it on level 1 of the Dungeon)
Wands
 v - a wand of quicksilver (10)
   (You found it on level 3 of the Dungeon)
Scrolls
 e - 2 scrolls of identify {unknown}
 g - a scroll of noise {unknown}
 l - a scroll of fear {unknown}
 n - a scroll of silence {unknown}
 o - a scroll of torment {unknown}
 p - a scroll of amnesia {unknown}
 x - 2 scrolls of blinking {unknown}
Potions
 d - 2 potions of might
 f - a potion of haste {@q3}
 k - a potion of attraction {unknown}
 u - a potion of brilliance {unknown}

Dungeon Overview and Level Annotations

Branches:
Dungeon (4/15) Zot: 21862  Temple (1/1) D:4 Zot: 5937

Altars:
Cheibriados
Dithmenos
Elyvilon
Fedhas
Gozag
Nemelex Xobeh
Okawaru
Qazlal
Ru
Sif Muna
Trog
Uskayaw
Vehumet
Wu Jian
Xom
Yredelemnul
Zin
The Shining One

....#.#........###.......
...............# #.).....
.#...).........##.......
..#..............#.......
..#.............#.#......
..........o.P.P...#......
........o...._....#......
...#........P.P.........<
...#.K..@.......#........
.###...o)................
##..........#.#
##.....)....##.
##...........#..
.........)......
#...............
#.........<.....
#..........#....


You could see 2 orc priests, an orc and a kobold.


Message History

The hobgoblin hits you but does no damage.
The iguana misses you. You furiously retaliate!
You headbutt the iguana!
You kill the iguana!
Okawaru accepts your kill. 😨 HP[-20]
You take 20 damage, and now have 19/47 hp.
MASSIVE DAMAGE!! (PAUSE)
You barely miss the hobgoblin. Your headbutt misses the hobgoblin.
You hit the goblin.
You kill the goblin!
Okawaru accepts your kill.
You barely miss the scorpion.
You feel very sick. The scorpion stings you.
* * * LOW HITPOINT WARNING * * *
The hobgoblin barely misses you.
Menkaure gestures at you while chanting.
Pain shoots through your body!
* * * LOW HITPOINT WARNING * * *
The scorpion misses you. 😱 HP[-16]
You take 16 damage, and now have 3/47 hp.
MASSIVE DAMAGE!! (PAUSE)
Okay, then.
It was a potion of haste.
You feel yourself speed up.
* * * LOW HITPOINT WARNING * * *
You feel sick. You block the hobgoblin's attack.
The scorpion closely misses you.
It was a potion of curing.
You feel better. The scorpion stings you.
* * * LOW HITPOINT WARNING * * *
😱 HP[+6]
You regained 6 hp, and now have 9/47 hp.
You barely miss the hobgoblin. You headbutt the hobgoblin.
You kill the hobgoblin!
Okawaru accepts your kill.
You hit the scorpion but do no damage. The scorpion stings you.
* * * LOW HITPOINT WARNING * * *
You are lethally poisoned!
The scorpion poisons you! 😱 HP[-4]
You take 4 damage, and now have 5/47 hp.
You hit the scorpion.
You kill the scorpion!
Okawaru accepts your kill.
* * * LOW HITPOINT WARNING * * *
You feel sick.
Your Fighting skill increases to level 5!
You have reached level 6! 😱 HP[-1] MP[+1]
You now have 56 max hp (+9).
Your mp is fully restored (5).
You feel better.
A giant cockroach comes into view. 😨 HP[+11]
You regained 11 hp, and now have 15/56 hp.
You hit Menkaure.
Menkaure calls on the powers of darkness!
Your body is wracked with pain!
* * * LOW HITPOINT WARNING * * *
The giant cockroach convulses! 😱 HP[-6]
You take 6 damage, and now have 9/56 hp.
You slash Menkaure!
An orc comes into view. It is wielding a +0 club.
You barely miss Menkaure.
The orc shouts!
You headbutt Menkaure!
You destroy Menkaure!
Okawaru is honoured by your kill.
You can now gain great but temporary skills.
Your Armour skill increases to level 5!
Your Shields skill increases to level 5!
The giant cockroach bites you but does no damage.
You slash the giant cockroach!
You kill the giant cockroach!
Okawaru accepts your kill. 😱 HP[+1] Unknown command.
An orc comes into view. It is wielding a +0 club.
The orc shouts!
The orc hits you but does no damage.
An orc priest comes into view. It is wielding a +0 flail.
The orc priest shouts!
You hit the orc. You block the orc's attack. 😱 HP[+1]
You closely miss the orc. You headbutt the orc.
You kill the orc!
Okawaru accepts your kill.
An orc priest comes into view. It is wielding a +0 dagger.
A kobold comes into view. It is wielding a +0 dagger.
You see here a +0 club {mace}.
An orc comes into view. It is wielding a +0 club.
The orc priest shouts!
You closely miss the orc. You headbutt the orc!
You kill the orc!
Okawaru accepts your kill.
Things that are here:
a +0 club {mace}; an orc corpse; 😱 HP[+1]
The orc priest mumbles some strange prayers to Beogh against you.
Beogh smites you!
You die...

Skill      XL: |  1  2  3  4  5  6 |
---------------+-------------------+-----
Axes           | 3 4 5 |  5.8
Fighting       | 4 5 |  5.2
Armour         | 4 5 |  5.1
Shields        | 4 5 |  5.1

Action                     |  1- 3 |  4- 6 || total
---------------------------+-------+-------++-------
  Melee: War axe           |    86 |    91 ||   177
         Headbutt          |    11 |    19 ||    30
         Hand axe          |       |    17 ||    17
    Use: Potion            |       |     3 ||     3
 Armour: Scale mail        |    46 |    45 ||    91
  Dodge: Dodged            |    58 |    44 ||   102
  Block: Buckler           |    20 |    29 ||    49

Levels and vault maps discovered:
D:1:      amcnicky_arrival_single_pillar, layout_loops_ring,
          chequers_ecumenical_altar_twisty
D:2:      layout_rooms, uniq_robin
D:3:      layout_basic, minmay_checkerbox
D:4:      layout_cave_pools, yredelemnul_altar_generic,
          minmay_temple_entry_sparse_star, chequers_ossuary_entry_cave,
          uniq_menkaure
Temple:   sentei_temple_godly_chess

Notes
Turn   | Place    | Note
-------+----------+-------------------------------------------
     0 | D:1      | Sanktem7 the Minotaur Fighter began the quest for the Orb.
     0 | D:1      | Reached XP level 1. HP: 19/19 MP: 0/0
     0 | D:1      | magus.rc [v1.9.6]
   101 | D:1      | Reached XP level 2. HP: 27/27 MP: 1/1
   182 | D:1      | Found a faded altar of an unknown god.
   198 | D:1      | Reached skill level 3 in Axes
   673 | D:2      | Reached skill level 4 in Fighting
   721 | D:2      | Reached skill level 4 in Armour
   721 | D:2      | Reached skill level 4 in Shields
   721 | D:2      | Reached XP level 3. HP: 28/33 MP: 2/2
   958 | D:2      | Noticed Robin
   971 | D:2      | HP: 8/33 [hobgoblin[Robin] (2)]
   976 | D:2      | Killed Robin
   977 | D:2      | Reached XP level 4. HP: 11/40 MP: 3/3
  1158 | D:2      | Reached skill level 4 in Axes
  1194 | D:2      | You pick up a book of Hexes and begin reading...
  1194 | D:2      | You add the spells Inner Flame, Cause Fear and Discord to
                  | your library.
  1723 | D:3      | Reached XP level 5. HP: 47/47 MP: 4/4
  1754 | D:3      | You pick up a book of Minor Magic and begin reading...
  1754 | D:3      | You add the spells Magic Dart, Call Imp and Mephitic Cloud
                  | to your library.
  1985 | D:4      | Found a basalt altar of Yredelemnul.
  1995 | D:4      | Found a staircase to the Ecumenical Temple.
  2006 | Temple   | Entered the Ecumenical Temple
  2017 | Temple   | Became a worshipper of Warmaster Okawaru
  2107 | D:4      | Reached skill level 5 in Axes
  2118 | D:4      | Noticed Menkaure
  2122 | D:4      | HP: 3/47 [Menkaure/nerve-wracking pain (12)]
  2127 | D:4      | Reached skill level 5 in Fighting
  2127 | D:4      | Reached XP level 6. HP: 4/56 MP: 5/5
  2129 | D:4      | HP: 9/56 [??? (7)]
  2131 | D:4      | Killed Menkaure
  2131 | D:4      | Reached * piety under Okawaru
  2132 | D:4      | Reached skill level 5 in Armour
  2132 | D:4      | Reached skill level 5 in Shields
  2145 | D:4      | Killed from afar by an orc priest

Vanquished Creatures
  Menkaure (D:4)
  A scorpion (D:4)
  A howler monkey (D:4)
  An iguana (D:4)
  An orc wizard (D:4)
  Robin (D:2)
  3 adders
  A shadow imp (D:4)
  2 worms
  A dart slug (D:1)
  15 orcs
  10 ball pythons
  9 endoplasms
  6 giant cockroaches
  20 goblins
  10 hobgoblins
  3 quokkas
  7 bats
  3 frilled lizards
  A kobold (D:2)
  8 rats
105 creatures vanquished.

Table legend:
 A = Non-vault XP
 B = Vault XP
 C = Vault XP percentage of total XP
 D = Non-vault monster count
 E = Vault monster count
 F = Vault count percentage of total count
                 A         B        C        D         E       F
            +---------+---------+-------+---------+---------+-------
      Total |     412 |     214 |  34.2 |      88 |      17 |  16.2
            +---------+---------+-------+---------+---------+-------
        D:1 |      34 |       0 |   0.0 |      19 |       0 |   0.0
        D:2 |      48 |      38 |  44.2 |      20 |      12 |  37.5
        D:3 |      76 |       7 |   8.4 |      26 |       4 |  13.3
        D:4 |     251 |     169 |  40.2 |      22 |       1 |   4.3
     Temple |       3 |       0 |   0.0 |       1 |       0 |   0.0
            +---------+---------+-------+---------+---------+-------

Illustrated notes

Table legend:
 A = Kills in this place as a percentage of kills in the entire game.
 B = Kills by you in this place as a percentage of kills by you in the entire game.
 C = Kills by friends in this place as a percentage of kills by friends in the entire game.
 D = Other kills in this place as a percentage of other kills in the entire game.
 E = Experience gained in this place as a percentage of experience gained in the entire game.
 F = Experience gained in this place divided by the number of levels of this place that you have seen.
                   A       B       C       D       E      F
               +-------+-------+-------+-------+-------+----------------------
         Total | 100.0 | 100.0 |   N/A |   N/A | 100.0 | 125.2
       Dungeon |  99.0 |  99.0 |   N/A |   N/A |  99.5 | 155.8
        Temple |   1.0 |   1.0 |   N/A |   N/A |   0.5 |   3.0
               +-------+-------+-------+-------+-------+----------------------

Table legend: (Time is in decaauts)
 A = Elapsed time spent in this place.
 B = Non-inter-level travel time spent in this place.
 C = Inter-level travel time spent in this place.
 D = Time resting spent in this place.
 E = Time spent auto-exploring this place.
 F = Levels seen in this place.
 G = Mean time per level.
                   A        B        C        D        E       F      G
               +--------+--------+--------+--------+--------+-----+--------+
         Total |   2200 |   2178 |     22 |    155 |   1488 |   5 |  440.0 |
       Dungeon |   2137 |   2115 |     22 |    109 |   1488 |   4 |  534.2 |
        Temple |     62 |     62 |      0 |     46 |      0 |   1 |   62.0 |
               +--------+--------+--------+--------+--------+-----+--------+

Top non-repeatable levels by time:
     D:2: 724 daAuts
     D:3: 658 daAuts
     D:1: 628 daAuts
     D:4: 126 daAuts
  Temple: 62 daAuts
